 Dungeon Crawl Stone Soup version 0.30-a0-149-g7f746667c4 (webtiles) character file.

Game seed: 8051654301223269405

16573 Iusername the Protected (level 12, -4/111 HPs)
             Began as a Minotaur Fighter on Sept 26, 2022.
             Was a High Priest of Ashenzari.
             Slain by Sonja
             ... wielding a +0 short sword of distortion
              (17 damage)
             ... on level 13 of the Dungeon.
             The game lasted 00:26:37 (14170 turns).

Iusername the Protected (Minotaur Fighter)         Turns: 14170, Time: 00:26:38

Health: -4/111     AC: 30    Str: 28    XL:     12   Next: 11%
Magic:  0/11       EV: 10    Int:  7    God:    Ashenzari [*****.]
Gold:   1196       SH:  7    Dex: 12    Spells: 11/11 levels left

rFire   . . .      SeeInvis +    m - +3 spear "Manifest Repose" {spect, Melee, Cun} (curse)
rCold   . . .      Faith    .    c - +0 buckler of the Mantic Trepidation {Evo, Melee} (curse)
rNeg    . . .      Spirit   +    s - +3 plate armour
rPois   .          Reflect  .    (helmet restricted)
rElec   .          Harm     .    J - scarf of the Ensconced Seer {repulsion, Self, Range} (curse)
rCorr   .          Rampage  .    p - +2 pair of gloves "Burden of Ashenzari" {Melee, Evo} (curse)
Will    .....      Clarity  +    N - +0 pair of boots "Apathy of Ashenzari" {Melee, Elem} (curse)
Stlth   ..........               v - amulet of the Visionary Omission {Spirit, Bglg, Fort} (curse)
HPRegen 0.28/turn                a - ring of the Lashed Soothsayer {Str+6, Alch, Range} (curse)
MPRegen 0.12/turn                y - ring of the Wild Blue Yonder {AC+4, Range, Fort} (curse)

@: lethally poisoned (-4 -> -20), slowed, repel missiles, very slow
A: horns 2, retaliatory headbutt
a: Renounce Religion, Curse Item, Shatter the Chains


You were on level 13 of the Dungeon.
You worshipped Ashenzari.
Ashenzari was extremely pleased with you.
You visited 1 branch of the dungeon, and saw 13 of its levels.
You also visited: Bailey.

You collected 1196 gold pieces.

Inventory:

Hand Weapons
 m - the cursed +3 spear "Manifest Repose" (weapon) {spect, Melee, Cun}
   (You took it off a gnoll on level 2 of the Dungeon)

   When its wielder attacks, the weapon's spirit leaps out and strikes again.
   The spirit shares a part of any damage it takes with its wielder.
   It has a curse which improves the following skills: Melee Combat: Short
   Blades, Long Blades, Axes, Maces & Flails, Polearms, Staves and Unarmed
   Combat.
   Cunning:   Dodging and Stealth.
 t - the +7 great mace "Brush" {venom, +Blink rF- Int+2 Stlth+}
   (You found it in a bailey)

   It poisons the flesh of those it strikes.
   Int:       It affects your intelligence (+2).
   rF:        It makes you vulnerable to fire.
   +Blink:    It lets you blink.
   Stlth:     It makes you more stealthy.
Missiles
 w - 5 boomerangs of dispersal
 K - 3 javelins
Armour
 c - the cursed +0 buckler of the Mantic Trepidation (worn) {Evo, Melee}

   It has a curse which improves the following skills: Evocations: Evocations.
   Melee Combat: Short Blades, Long Blades, Axes, Maces & Flails, Polearms,
   Staves and Unarmed Combat.
 p - the cursed +2 pair of gloves "Burden of Ashenzari" (worn) {Melee, Evo}
   (You found it on level 3 of the Dungeon)

   It has a curse which improves the following skills: Melee Combat: Short
   Blades, Long Blades, Axes, Maces & Flails, Polearms, Staves and Unarmed
   Combat.
   Evocations: Evocations.
 s - a +3 plate armour (worn)
 J - the cursed scarf of the Ensconced Seer (worn) {repulsion, Self, Range}
   (You found it on level 8 of the Dungeon)

   It has a curse which improves the following skills: Introspection: Fighting
   and Spellcasting.
   Ranged Combat: Ranged Weapons and Throwing.
 N - the cursed +0 pair of boots "Apathy of Ashenzari" (worn) {Melee, Elem}
   (You found it on level 9 of the Dungeon)

   It has a curse which improves the following skills: Melee Combat: Short
   Blades, Long Blades, Axes, Maces & Flails, Polearms, Staves and Unarmed
   Combat.
   Elements:  Fire Magic, Ice Magic, Air Magic and Earth Magic.
Jewellery
 a - the cursed ring of the Lashed Soothsayer (left hand) {Str+6, Alch, Range}
   (You found it on level 2 of the Dungeon)

   [ring of strength]

   Str:       It affects your strength (+6).
   It has a curse which improves the following skills: Alchemy: Poison Magic and
   Transmutations.
   Ranged Combat: Ranged Weapons and Throwing.
 v - the cursed amulet of the Visionary Omission (around neck) {Spirit, Bglg, Fort}
   (You found it on level 6 of the Dungeon)

   [amulet of guardian spirit]

   It causes incoming damage to be divided between your reserves of health and
   magic.
   It has a curse which improves the following skills: Beguiling: Conjurations,
   Hexes and Translocations.
   Fortitude: Armour and Shields.
 y - the cursed ring of the Wild Blue Yonder (right hand) {AC+4, Range, Fort}
   (You found it on level 4 of the Dungeon)

   [ring of protection]

   AC:        It affects your AC (+4).
   It has a curse which improves the following skills: Ranged Combat: Ranged
   Weapons and Throwing.
   Fortitude: Armour and Shields.
 B - a ring of positive energy
 C - a +4 ring of protection
 F - an amulet of the acrobat
 I - a +6 ring of intelligence
Wands
 d - a wand of digging (1)
 n - a wand of roots (28)
 u - a wand of mindburst (4) (quivered)
 x - a wand of quicksilver (6)
 D - a wand of paralysis (10)
Scrolls
 f - a scroll of poison
 h - 4 scrolls of teleportation
 l - 6 scrolls of fear
 r - 4 scrolls of blinking
 z - 2 scrolls of silence
 A - 4 scrolls of immolation
 E - 2 scrolls of butterflies
 G - a scroll of magic mapping
 L - a scroll of brand weapon
 O - a scroll of amnesia
Potions
 b - 2 potions of flight
 e - 4 potions of attraction
 g - 3 potions of magic
 i - a potion of brilliance
 j - 5 potions of curing
 k - 2 potions of resistance
 o - 5 potions of mutation
 q - 2 potions of cancellation
 H - 2 potions of ambrosia
Miscellaneous
 M - a tin of tremorstones (2/2)


   Skills:
 + Level 9.3(11.7) Fighting
 + Level 7.8(13.2) Short Blades
 + Level 11.0(16.5) Polearms
 + Level 13.7(17.1) Armour
 + Level 2.6(4.5) Dodging
 + Level 3.0(5.0) Stealth
 + Level 10.3(13.7) Shields
 + Level 0.3(1.9) Unarmed Combat
 + Level 2.3(5.0) Evocations


You had 11 spell levels left.
You didn't know any spells.
Your spell library contained the following spells:

 Spells                   Type           Power      Damage    Failure   Level
 Necrotise                Necr           0%         1d4       96%         1
 Summon Small Mammal      Summ           0%         N/A       96%         1
 Scorch                   Fire           0%         2d5       98%         2
 Sublimation of Blood     Necr           0%         N/A       99%         2
 Call Canine Familiar     Summ           0%         N/A       100%        3
 Kindle Blastsparks       Fire/Tloc/Air  0%         2d10      100%        3
 Summon Guardian Golem    Hex/Summ       0%         N/A       100%        3
 Vampiric Draining        Necr           0%         2d6       100%        3
 Petrify                  Tmut/Erth      0%         N/A       100%        4
 Agony                    Necr           0%         N/A       100%        5
 Irradiate                Conj/Tmut      0%         3d11      100%        5
 Fire Storm               Conj/Fire      0%         5d1       100%        9


Dungeon Overview and Level Annotations

Branches:
Dungeon (13/15)            Temple (0/1) D:6            Lair (0/5) D:11
    Orc (0/2) D:10         Bailey (visited)
 Vaults: D:13-14

Altars:
Ashenzari
Cheibriados
Dithmenos
Fedhas
Gozag
Kikubaaqudgha
Makhleb
Qazlal
Ru
Sif Muna
Wu Jian
Zin
The Shining One

Shops:
D:8 *

Annotations:
D:11 1 runed translucent door, pigah's ghost, journeyman OpAE
D:13 Sonja


Innate Abilities, Weirdness & Mutations

You have a pair of horns on your head.
You reflexively headbutt those who attack you in melee.


Message History

You puncture Sonja! Your headbutt misses Sonja.
Sonja is moderately wounded.
Your +3 spear "Manifest Repose" {spect, Melee, Cun} hits Sonja.
You feel sick.
Sonja gestures wildly while chanting.
Sonja blinks!
You swap places.
You feel sick.
Things that are here:
a +0 shortbow; a centaur corpse You barely miss Sonja.
Sonja is heavily wounded.
Your +3 spear "Manifest Repose" {spect, Melee, Cun} closely misses Sonja.
You feel sick.
Sonja hits you with a +0 short sword of distortion.
You blink.
You feel sick.
Sonja throws a curare-tipped dart.
The curare-tipped dart hits you.
You are more poisoned.
You have difficulty breathing.
You feel as though you will be slow longer.
Sonja bows elegantly.
Sonja throws a curare-tipped dart.
You block the curare-tipped dart.
You feel very sick.
Sonja casts a spell.
Sonja blinks!
You feel very sick.
Sonja twirls her cape.
Sonja mumbles some strange words.
Sonja blinks!
Sonja throws a curare-tipped dart.
The curare-tipped dart completely misses you.
You feel very sick.
Sonja throws a curare-tipped dart.
The curare-tipped dart hits you.
You are more poisoned.
You have difficulty breathing.
* * * LOW HITPOINT WARNING * * *
You feel as though you will be slow longer.
* * * LOW HITPOINT WARNING * * *
You feel extremely sick. Sonja hits you but does no damage.
Space warps horribly around you!!
You die...

..........######....., ,*
..........#..###......... ,,,
.............#........... , ,
* ..........##.............,,
** ..........##.............
, * ...........#............,
,, *
#.........##...........,,, *
* * .....<..##.).....##, , *
#........##...@K$#. ,,, , *
*..?......##..##.......,,,,,,
,, ,*,,.##...#........, * , ,
, ,*,, #..........##.,** ,
*** ,, .............. * , * ,
, .........ยง......, * * , ,
,................., , ,,,
................. , , ,, ,, ,
> **


You could see Sonja.

Vanquished Creatures
  2 centaur warriors (D:13)
  3 two-headed ogres
  Urug (D:10)
  An ugly thing (D:12)
  2 cyclopes (D:12)
  A manticore (D:12)
  An elephant (D:10)
  Joseph (D:10)
  A cane toad (shapeshifter) (D:12)
  2 gargoyles (D:12)
  2 kobold demonologists (D:12)
  A komodo dragon (D:11)
  3 trolls
  2 shadows
  2 wraiths
  5 spriggans (Bailey)
  2 wyverns
  6 yaks (D:10)
  2 steam dragons
  4 vampire mosquitoes (D:10)
  Menkaure (D:7)
  Edmund (D:5)
  2 acid dragons (D:10)
  The ghost of SirDiesAlot the Magician, an amateur DEEE (D:3)
  A water moccasin (D:6)
  2 black bears
  8 orc warriors
  2 ice beasts
  6 ogres (Bailey)
  7 centaurs
  6 kobold brigands
  2 bullfrogs (D:7)
  A gnoll sergeant (D:7)
  4 scorpions
  4 wights
  9 killer bees
  5 hounds
  2 jellies (D:6)
  8 orc priests
  2 gnoll boudas
  2 iguanas
  12 orc wizards
  14 gnolls
  12 adders
  A white imp (D:8)
  An ufetubus (D:4)
  2 worms (D:2)
  4 dart slugs
  41 orcs
  6 ball pythons
  4 endoplasms
  3 giant cockroaches
  7 goblins
  12 hobgoblins
  3 jackals
  20 kobolds
  5 bats
  2 frilled lizards
  3 rats (D:2)
272 creatures vanquished.

Vanquished Creatures (others)
  An orc wizard (D:10)
  3 plants
4 creatures vanquished.

Grand Total: 276 creatures vanquished

Notes
Turn   | Place    | Note
-------+----------+-------------------------------------------
     0 | D:1      | Iusername the Minotaur Fighter began the quest for the Orb.
     0 | D:1      | Reached XP level 1. HP: 19/19 MP: 0/0
    35 | D:1      | Found a faded altar of an unknown god.
   343 | D:1      | Reached XP level 2. HP: 27/27 MP: 1/1
   826 | D:2      | Reached skill level 4 in Armour
  1055 | D:2      | Reached XP level 3. HP: 33/33 MP: 2/2
  1608 | D:2      | Reached XP level 4. HP: 37/40 MP: 3/3
  1855 | D:3      | Found a broken altar of Ashenzari.
  1856 | D:3      | Found a burning altar of Makhleb.
  1871 | D:3      | Became a worshipper of Ashenzari the Shackled
  2056 | D:3      | Identified the +9 dagger of the Several Ships {speed, rElec
                  | rF+ Will+ Stlth-}
  2503 | D:3      | Found a shimmering blue altar of Sif Muna.
  2592 | D:3      | Found a runed translucent gate.
  2593 | D:3      | Found a runed translucent gate.
  2593 | D:3      | Found a runed translucent gate.
  2593 | D:3      | Noticed SirDiesAlot's ghost (amateur DEEE)
  2678 | D:3      | Killed SirDiesAlot's ghost
  2679 | D:3      | Reached skill level 5 in Polearms
  2679 | D:3      | Reached skill level 5 in Armour
  2679 | D:3      | Reached XP level 5. HP: 47/47 MP: 4/4
  2835 | D:4      | Reached XP level 6. HP: 53/53 MP: 5/5
  2963 | D:4      | Found a sacrificial altar of Ru.
  3079 | D:4      | Found a snail-covered altar of Cheibriados.
  3105 | D:4      | Reached skill level 1 in Dodging
  3693 | D:5      | Entered Level 5 of the Dungeon
  3699 | D:4      | Reached skill level 1 in Short Blades
  3699 | D:4      | Reached skill level 6 in Armour
  3699 | D:4      | Reached XP level 7. HP: 60/60 MP: 6/6
  4064 | D:5      | Reached * piety under Ashenzari
  4108 | D:5      | Noticed Edmund
  4125 | D:5      | Killed Edmund
  4126 | D:5      | Reached skill level 1 in Stealth
  4207 | D:5      | Reached skill level 5 in Fighting
  4237 | D:5      | Found a stormy altar of Qazlal.
  4387 | D:5      | Reached skill level 7 in Armour
  4390 | D:5      | Reached skill level 5 in Shields
  4530 | D:6      | Found an opulent altar of Gozag.
  4546 | D:6      | Reached XP level 8. HP: 70/70 MP: 7/7
  4609 | D:6      | Found a shadowy altar of Dithmenos.
  4637 | D:6      | Reached skill level 8 in Armour
  5135 | D:6      | Reached ** piety under Ashenzari
  5233 | D:6      | Found a staircase to the Ecumenical Temple.
  5471 | D:6      | Found an ornate altar of the Wu Jian Council.
  5531 | D:6      | Found an ancient bone altar of Kikubaaqudgha.
  5654 | D:7      | Noticed a two-headed ogre
  5663 | D:7      | Killed a two-headed ogre
  5664 | D:7      | Reached skill level 5 in Short Blades
  5664 | D:7      | Reached skill level 9 in Armour
  5664 | D:7      | Reached XP level 9. HP: 67/78 MP: 6/8
  5678 | D:7      | Found a flagged portal.
  5695 | Bailey   | Entered a bailey
  5887 | Bailey   | Reached skill level 10 in Armour
  6011 | Bailey   | Noticed a two-headed ogre
  6040 | Bailey   | Killed a two-headed ogre
  6041 | Bailey   | Reached skill level 11 in Armour
  6041 | Bailey   | Reached XP level 10. HP: 35/88 MP: 5/9
  6241 | Bailey   | Identified the +6 fire dragon scales of the Camelopard
                  | {rF++ rC- rCorr Str+4 Slay+2}
  6595 | Bailey   | Identified the +7 great mace "Brush" {venom, +Blink rF-
                  | Int+2 Stlth+}
  7597 | D:7      | Found a glowing golden altar of the Shining One.
  7611 | D:7      | Noticed Menkaure
  7619 | D:7      | Killed Menkaure
  7917 | D:7      | Found a glowing silver altar of Zin.
  8503 | D:7      | Identified the cursed +0 buckler of the Mantic Trepidation
                  | {Evo, Melee}
  9337 | D:8      | Found Utsieve's General Store.
  9446 | D:8      | Identified the +11 short sword of the Living Dead {pain,
                  | rC+ Str+4}
  9859 | D:8      | Reached *** piety under Ashenzari
  9941 | D:9      | Found a blossoming altar of Fedhas.
 10197 | D:9      | Reached skill level 12 in Armour
 10492 | D:9      | Reached **** piety under Ashenzari
 10891 | D:10     | Entered Level 10 of the Dungeon
 10954 | D:10     | Noticed Joseph
 10954 | D:10     | Noticed Urug
 10974 | D:10     | Killed Urug
 10978 | D:10     | Killed Joseph
 10997 | D:10     | Reached XP level 11. HP: 72/99 MP: 8/10
 11391 | D:10     | Reached skill level 1 in Evocations
 11418 | D:10     | Identified the cursed scarf of the Ensconced Seer
                  | {repulsion, Self, Range} (You found it on level 8 of the
                  | Dungeon)
 11418 | D:10     | Identified the cursed +2 pair of gloves "Burden of
                  | Ashenzari" {Melee, Evo} (You found it on level 3 of the
                  | Dungeon)
 11775 | D:10     | Found a staircase to the Orcish Mines.
 12256 | D:11     | Noticed pigah's ghost (journeyman OpAE)
 12256 | D:11     | Identified the Atlas of the Geologist
 12304 | D:11     | Found a staircase to the Lair.
 12978 | D:11     | Reached ***** piety under Ashenzari
 13031 | D:11     | Identified the Omnibus of Crystal
 13150 | D:11     | Identified the cursed +3 spear "Manifest Repose" {spect,
                  | Melee, Cun} (You took it off a gnoll on level 2 of the
                  | Dungeon)
 13179 | D:11     | Identified the cursed +3 spear "Manifest Repose" {spect,
                  | Melee, Cun} (You took it off a gnoll on level 2 of the
                  | Dungeon)
 13182 | D:11     | Reached skill level 13 in Armour
 13191 | D:11     | Identified the cursed +3 spear "Manifest Repose" {spect,
                  | Melee, Cun} (You took it off a gnoll on level 2 of the
                  | Dungeon)
 13217 | D:11     | Found a runed translucent door.
 13419 | D:12     | Identified the cursed +3 spear "Manifest Repose" {spect,
                  | Melee, Cun} (You took it off a gnoll on level 2 of the
                  | Dungeon)
 13440 | D:12     | Identified the cursed +3 spear "Manifest Repose" {spect,
                  | Melee, Cun} (You took it off a gnoll on level 2 of the
                  | Dungeon)
 13456 | D:12     | Identified the cursed +3 spear "Manifest Repose" {spect,
                  | Melee, Cun} (You took it off a gnoll on level 2 of the
                  | Dungeon)
 13462 | D:12     | Identified the cursed +3 spear "Manifest Repose" {spect,
                  | Melee, Cun} (You took it off a gnoll on level 2 of the
                  | Dungeon)
 13464 | D:12     | Identified the cursed +3 spear "Manifest Repose" {spect,
                  | Melee, Cun} (You took it off a gnoll on level 2 of the
                  | Dungeon)
 13466 | D:12     | Identified the cursed +3 spear "Manifest Repose" {spect,
                  | Melee, Cun} (You took it off a gnoll on level 2 of the
                  | Dungeon)
 13470 | D:12     | Identified the cursed +3 spear "Manifest Repose" {spect,
                  | Melee, Cun} (You took it off a gnoll on level 2 of the
                  | Dungeon)
 13473 | D:12     | Identified the cursed +3 spear "Manifest Repose" {spect,
                  | Melee, Cun} (You took it off a gnoll on level 2 of the
                  | Dungeon)
 13476 | D:12     | Identified the cursed +3 spear "Manifest Repose" {spect,
                  | Melee, Cun} (You took it off a gnoll on level 2 of the
                  | Dungeon)
 13479 | D:12     | Reached skill level 10 in Polearms
 13482 | D:12     | Identified the cursed +3 spear "Manifest Repose" {spect,
                  | Melee, Cun} (You took it off a gnoll on level 2 of the
                  | Dungeon)
 13484 | D:12     | Identified the cursed +3 spear "Manifest Repose" {spect,
                  | Melee, Cun} (You took it off a gnoll on level 2 of the
                  | Dungeon)
 13487 | D:12     | Identified the cursed +3 spear "Manifest Repose" {spect,
                  | Melee, Cun} (You took it off a gnoll on level 2 of the
                  | Dungeon)
 13615 | D:12     | Noticed a two-headed ogre
 13618 | D:12     | Identified the cursed +3 spear "Manifest Repose" {spect,
                  | Melee, Cun} (You took it off a gnoll on level 2 of the
                  | Dungeon)
 13620 | D:12     | Killed a two-headed ogre
 13622 | D:12     | Identified the cursed +3 spear "Manifest Repose" {spect,
                  | Melee, Cun} (You took it off a gnoll on level 2 of the
                  | Dungeon)
 13705 | D:12     | Identified the cursed +3 spear "Manifest Repose" {spect,
                  | Melee, Cun} (You took it off a gnoll on level 2 of the
                  | Dungeon)
 13708 | D:12     | Identified the cursed +3 spear "Manifest Repose" {spect,
                  | Melee, Cun} (You took it off a gnoll on level 2 of the
                  | Dungeon)
 13738 | D:12     | Identified the cursed +3 spear "Manifest Repose" {spect,
                  | Melee, Cun} (You took it off a gnoll on level 2 of the
                  | Dungeon)
 13756 | D:12     | Identified the cursed +3 spear "Manifest Repose" {spect,
                  | Melee, Cun} (You took it off a gnoll on level 2 of the
                  | Dungeon)
 13787 | D:12     | Identified the cursed +3 spear "Manifest Repose" {spect,
                  | Melee, Cun} (You took it off a gnoll on level 2 of the
                  | Dungeon)
 13791 | D:12     | Identified the cursed +3 spear "Manifest Repose" {spect,
                  | Melee, Cun} (You took it off a gnoll on level 2 of the
                  | Dungeon)
 13900 | D:12     | Noticed a green ugly thing
 13902 | D:12     | Identified the cursed +3 spear "Manifest Repose" {spect,
                  | Melee, Cun} (You took it off a gnoll on level 2 of the
                  | Dungeon)
 13906 | D:12     | Killed a green ugly thing
 13907 | D:12     | Reached skill level 10 in Shields
 13942 | D:12     | Identified the cursed +3 spear "Manifest Repose" {spect,
                  | Melee, Cun} (You took it off a gnoll on level 2 of the
                  | Dungeon)
 14063 | D:13     | Noticed a centaur warrior
 14067 | D:13     | Identified the cursed +3 spear "Manifest Repose" {spect,
                  | Melee, Cun} (You took it off a gnoll on level 2 of the
                  | Dungeon)
 14073 | D:13     | Killed a centaur warrior
 14074 | D:13     | Reached XP level 12. HP: 99/110 MP: 9/11
 14076 | D:13     | Identified the cursed +3 spear "Manifest Repose" {spect,
                  | Melee, Cun} (You took it off a gnoll on level 2 of the
                  | Dungeon)
 14124 | D:13     | Identified the cursed +3 spear "Manifest Repose" {spect,
                  | Melee, Cun} (You took it off a gnoll on level 2 of the
                  | Dungeon)
 14152 | D:13     | Noticed Sonja
 14152 | D:13     | Noticed a centaur warrior
 14156 | D:13     | Identified the cursed +3 spear "Manifest Repose" {spect,
                  | Melee, Cun} (You took it off a gnoll on level 2 of the
                  | Dungeon)
 14159 | D:13     | Identified the cursed +3 spear "Manifest Repose" {spect,
                  | Melee, Cun} (You took it off a gnoll on level 2 of the
                  | Dungeon)
 14160 | D:13     | Killed a centaur warrior
 14162 | D:13     | Identified the cursed +3 spear "Manifest Repose" {spect,
                  | Melee, Cun} (You took it off a gnoll on level 2 of the
                  | Dungeon)
 14165 | D:13     | Identified the cursed +3 spear "Manifest Repose" {spect,
                  | Melee, Cun} (You took it off a gnoll on level 2 of the
                  | Dungeon)
 14170 | D:13     | Slain by Sonja

Illustrated notes

Levels and vault maps discovered:
D:1:      nzn_arrival_water_spiral, layout_loops_ring,
          ebering_ecumenical_altar_webs
D:2:      layout_rooms, minmay_divided_ellipse
D:3:      layout_basic, nicolae_overflow_squiral, general_overflow_altar,
          ebering_ghost_rock_garden, kennysheep_generic_room_8
D:4:      layout_basic, lemuel_crystal_altar,
          nicolae_ru_great_annihilating_truth, interstate_on_off, minivault_27,
          st_stairs_4, minmay_tree_intersection, small_statue_intersection,
          kennysheep_small_circle
D:5:      layout_rooms, grunt_qazlal_sundering, uniq_edmund
D:6:      kennysheep_six_static_rooms, layout_rooms, grunt_gozag_statues,
          nicolae_dithmenos_through_a_glass_darkly, nzn_wu_jian_contemplation,
          mainiacjoe_overflow_small_starburst, minmay_temple_entry_offerings
D:7:      layout_basic, mainiacjoe_overflow_24_doors,
          nicolae_overflow_hidden_temple, enter_bailey_6, nrook_campfire,
          uniq_menkaure
D:8:      layout_gridville, serial_shops, nicolae_square_shop,
          nicolae_straight_to_the_point
D:9:      layout_stronghold, fedhas_altar_2
D:10:     layout_roguey, erik_orc_4, uniq_joseph, uniq_urug
D:11:     layout_small_grid, david_lair_generic, hellmonk_ghost_big_iron
D:12:     layout_roguey, serial_bayou_crossing
D:13:     layout_cave_pools, uniq_sonja

Skill      XL: |  1  2  3  4  5  6  7  8  9 10 11 12 |
---------------+-------------------------------------+-----
Fighting       | 4 5 6 7 9 |  9.3
Armour         | 4 5 6 7 9 11 12 13 | 13.7
Shields        | 4 5 6 7 8 10 | 10.3
Polearms       | 3 5 6 8 10 11 | 11.0
Dodging        | 1 2 |  2.6
Short Blades   | 1 3 5 7 |  7.8
Stealth        | 1 2 3 |  3.0
Evocations     | 2 |  2.3
Unarmed Combat | |  0.3

Action                   |  1- 3 |  4- 6 |  7- 9 | 10-12 || total
-------------------------+-------+-------+-------+-------++-------
Melee: Trident           |    69 |       |       |       ||    69
       Headbutt          |     6 |    17 |    35 |    97 ||   155
       Spear             |     9 |    52 |       |   459 ||   520
       Dagger            |       |    58 |   195 |    25 ||   278
       Unarmed           |       |       |       |     8 ||     8
Invok: Curse Item        |       |     1 |     2 |     6 ||     9
       Shatter the Chain |       |       |       |     1 ||     1
Evoke: Wand              |       |       |       |    17 ||    17
  Use: Potion            |       |     1 |     5 |     5 ||    11
       Scroll            |       |       |     3 |     3 ||     6
 Stab: Invisible         |       |       |     3 |       ||     3
       Distracted        |       |       |       |     4 ||     4
Armor: Scale mail        |    26 |     9 |       |       ||    35
       Plate armour      |       |    39 |    88 |   294 ||   421
       Skin              |       |       |       |     2 ||     2
Dodge: Dodged            |    24 |    16 |    65 |   189 ||   294
       Repelled          |       |       |       |     2 ||     2
Block: Buckler           |    12 |    18 |    59 |   138 ||   227

Table legend: (Time is in decaauts)
 A = Elapsed time spent in this place.
 B = Non-inter-level travel time spent in this place.
 C = Inter-level travel time spent in this place.
 D = Time resting spent in this place.
 E = Time spent auto-exploring this place.
 F = Levels seen in this place.
 G = Mean time per level.
                   A        B        C        D        E       F      G
               +--------+--------+--------+--------+--------+-----+--------+
         Total |  13875 |  13285 |    590 |   3944 |   7370 |  14 |  991.1 |
       Dungeon |  12941 |  12351 |    590 |   3255 |   7332 |  13 |  995.5 |
        Bailey |    934 |    934 |      0 |    689 |     38 |   1 |  934.0 |
               +--------+--------+--------+--------+--------+-----+--------+

Top non-repeatable levels by time:
     D:7: 1855 daAuts
    D:10: 1807 daAuts
     D:8: 1464 daAuts
     D:4: 1252 daAuts
     D:6: 1156 daAuts
     D:3: 977 daAuts
     D:2: 935 daAuts
  Bailey: 934 daAuts
     D:9: 880 daAuts
     D:1: 825 daAuts
    D:11: 632 daAuts
    D:12: 590 daAuts
     D:5: 443 daAuts
    D:13: 120 daAuts
